 Dungeon Crawl Stone Soup version 0.27.1-33-g824d729ab1 (webtiles) character file.

Game seed: 2020165940509703184

422 dohliylev the Chopper (level 6, -4/56 HPs)
             Began as a Minotaur Fighter on Dec 27, 2021.
             Slain by a gnoll (7 damage)
             ... on level 3 of the Dungeon.
             The game lasted 00:04:23 (2620 turns).

dohliylev the Chopper (Minotaur Fighter)            Turns: 2620, Time: 00:04:23

Health: -4/56      AC: 10    Str: 23    XL:     6   Next: 63%
Magic:  5/5        EV:  6    Int:  5    God:
Gold:   97         SH:  9    Dex:  9    Spells: 5/5 levels left

rFire    . . .     SeeInvis .   a - +0 war axe
rCold    . . .     Faith    .   c - +0 kite shield
rNeg     . . .     Spirit   .   p - +0 chain mail
rPois    .         Reflect  .   (helmet restricted)
rElec    .         Harm     .   h - +0 cloak
rCorr    .         Rampage  .   (no gloves)
Will     .....                  (no boots)
Stlth    ..........             (no amulet)
HPRegen  0.18/turn              (no ring)
MPRegen  0.09/turn              (no ring)

@: no status effects
A: horns 2, retaliatory headbutt
a: no special abilities


You were on level 3 of the Dungeon.
You visited 1 branch of the dungeon, and saw 3 of its levels.

You collected 97 gold pieces.

Inventory:

Hand Weapons
 a - a +0 war axe (weapon)
Armour
 c - a +0 kite shield (worn)
 h - a +0 cloak (worn)
 p - a +0 chain mail (worn)
Scrolls
 e - a scroll of amnesia {unknown}
 i - 2 scrolls of enchant weapon {unknown}
 j - 3 scrolls of identify {unknown}
 k - a scroll of summoning {unknown}
 o - a scroll of fog {unknown}
 q - a scroll of blinking {unknown}
Potions
 b - a potion of attraction {unknown}
 d - 2 potions of might
 f - 4 potions of haste {unknown}
 g - a potion of degeneration {unknown}
 l - a potion of curing {unknown}
 m - 2 potions of berserk rage {unknown}
 n - a potion of brilliance {unknown}


   Skills:
 + Level 5.3 Fighting
 + Level 7.0 Axes
 - Level 4.0 Armour
 + Level 1.3 Dodging
 - Level 4.0 Shields


You had 5 spell levels left.
You didn't know any spells.
Your spell library was empty.

Dungeon Overview and Level Annotations

Branches:
Dungeon (3/15)

Altars:


Innate Abilities, Weirdness & Mutations

You have a pair of horns on your head.
You reflexively headbutt those who attack you in melee.


Message History

Something hits you but does no damage. You block the gnoll's attack.
Something hits you but does no damage.
You completely miss something. You headbutt something.
You block the gnoll's attack.
A jelly comes into view.
Something hits you. Something shocks you. You block the gnoll's attack.
You barely miss something.
The jelly quivers.
Your headbutt misses something. Something hits you but does no damage.
The gnoll hits you from afar with a +0 halberd!
You barely miss something. You headbutt something.
Something hits you but does no damage. You block the gnoll's attack.
Something hits you. Something shocks you.
* * * LOW HITPOINT WARNING * * *
The gnoll hits you from afar with a +0 halberd.
* * * LOW HITPOINT WARNING * * *
You hit something. You headbutt something. Something hits you.
* * * LOW HITPOINT WARNING * * *
Something shocks you.
* * * LOW HITPOINT WARNING * * *
You block the gnoll's attack.
You slash something!
Reactivating autopickup.
You feel a bit more experienced. You block the bat's attack.
The gnoll barely misses you. The bat hits you but does no damage.
Your Axes skill increases to level 7!
You hit the bat.
The bat is moderately wounded.
The bat hits you but does no damage. The gnoll hits you but does no damage.
You block the bat's attack.
The gnoll hits you from afar with a +0 halberd.
* * * LOW HITPOINT WARNING * * *
You closely miss the bat. You headbutt the bat.
You kill the bat!
You block the gnoll's attack.
You slash the hobgoblin!
You kill the hobgoblin!
You block the gnoll's attack.
The gnoll hits you from afar with a +0 halberd!
You die...

#### ... #.. #.# #. #.#
###.### #@# #.....###J# #
. ###### #.#
#....g###.#.... ...>.#
#.# #......)g......
.....#
#.###..###)##.#.##.
.....# #......##†..#.#.#
.....###†#(............#
.........####.##...##....
##.####### #.###.## ###


You could see a jelly and a gnoll.

Vanquished Creatures
  Sigmund (D:2)
  A sky beast (D:3)
  6 gnolls (D:3)
  4 adders
  3 worms
  4 dart slugs
  8 bats
  6 endoplasms
  3 giant cockroaches
  5 hobgoblins
  2 jackals (D:1)
  2 quokkas (D:2)
  5 ball pythons
  A frilled lizard (D:2)
  3 goblins
  3 kobolds
  10 rats
67 creatures vanquished.

Notes
Turn   | Place    | Note
-------+----------+-------------------------------------------
     0 | D:1      | dohliylev the Minotaur Fighter began the quest for the Orb.
     0 | D:1      | Reached XP level 1. HP: 19/19 MP: 0/0
   262 | D:1      | Reached XP level 2. HP: 27/27 MP: 1/1
   516 | D:1      | Found a faded altar of an unknown god.
   631 | D:1      | Reached skill level 3 in Axes
  1143 | D:2      | Reached XP level 3. HP: 32/33 MP: 2/2
  1420 | D:2      | Noticed Sigmund
  1431 | D:2      | Killed Sigmund
  1432 | D:2      | Reached skill level 5 in Axes
  1432 | D:2      | Reached XP level 4. HP: 3/41 MP: 3/3
  1432 | D:2      | Reached XP level 5. HP: 4/47 MP: 4/4
  1880 | D:2      | Reached skill level 1 in Dodging
  1914 | D:2      | Reached skill level 6 in Axes
  2510 | D:3      | Reached XP level 6. HP: 54/55 MP: 5/5
  2517 | D:3      | Reached skill level 5 in Fighting
  2594 | D:3      | Noticed a sky beast
  2617 | D:3      | Killed a sky beast
  2618 | D:3      | Reached skill level 7 in Axes
  2618 | D:3      | HP: 2/56 [gnoll (1)]
  2620 | D:3      | Slain by a gnoll

Illustrated notes

Levels and vault maps discovered:
D:1:      minmay_arrival_checkered_box, layout_loops_corners,
          basic_ecumenical_altar
D:2:      minmay_skewed_foursquare, layout_loops_ring,
          amcnicky_mini_corridor_feature, minmay_pentomino_z2, uniq_sigmund
D:3:      layout_loops_ring

Skill      XL: |  1  2  3  4  5  6 |
---------------+-------------------+-----
Armour         | 4 |  4.0
Shields        | 4 |  4.0
Axes           | 3 5 6 7 |  7.0
Fighting       | 4 5 |  5.3
Dodging        | 1 |  1.3

Action                   |  1- 3 |  4- 6 || total
-------------------------+-------+-------++-------
Melee: War axe           |    83 |    81 ||   164
       Headbutt          |    18 |    15 ||    33
Armor: Scale mail        |    34 |     4 ||    38
       Chain mail        |       |    35 ||    35
Dodge: Dodged            |    18 |    19 ||    37
Block: Kite shield       |    55 |    39 ||    94
